 Dungeon Crawl Stone Soup version 0.30-a0-1082-g70414cbcbb (webtiles) character file.

Game seed: 16943188634202925954

147091 Esekla the Thaumaturge (level 17, 0/115 HPs)
             Began as an Octopode Delver on Apr 15, 2023.
             Was an Initiate of Gozag.
             Killed by the raging water
             ... invoked by a water nymph
              (21 damage)
             ... on level 1 of the Shoals on Apr 16, 2023.
             The game lasted 04:24:41 (40348 turns).

Esekla the Thaumaturge (Octopode Delver)           Turns: 40348, Time: 04:24:42

Health: 0/115      AC: 21    Str: 22    XL:     17   Next: 46%
Magic:  7/34       EV: 17    Int: 30    God:    Gozag
Gold:   2548       SH: 18    Dex: 16    Spells: 3/43 levels left

rFire   + + .      SeeInvis .    a - +7 falchion "Amedopt" {flame, rPois rN+ Dex-2}
rCold   + + +      Faith    .    z - +2 kite shield {rC+}
rNeg    + + +      Spirit   .    Y - +1 hat of the Pink Corner {rPois Int+3}
rPois   +          Reflect  +    e - amulet of reflection
rElec   .          Rampage  .    j - ring "Doezerau" {rN+ Int+2 Dex+6}
rCorr   +                        d - ring of Kiacvuh {Will+ AC+4}
Will    +++..                    A - ring "Rovee" {rPois Str+6 Stlth+}
Stlth   +++++++                  I - ring of Qif Xepp {Will+ Int+6}
HPRegen 0.39/turn                T - ring "Ponus" {rF+ rC+ Str+2}
MPRegen 0.24/turn                R - +4 ring of protection
                                 S - ring of Penayd {rF++ rN+ rCorr Str+2}
                                 i - ring of ice

@: ice-armoured, wereblooded, gold aura, mesmerised, studying Throwing
A: almost no armour, amphibious, 8 rings, camouflage 1, gelatinous body 1,
nimble swimmer 1, tentacles, beak, clumsy 1
a: Renounce Religion, Potion Petition, Call Merchant, Bribe Branch


You were on level 1 of the Shoals.
You worshipped Gozag.
Gozag was most pleased with you.
You visited 6 branches of the dungeon, and saw 27 of its levels.
You also visited: Gauntlet and Ice Cave.

You collected 10117 gold pieces.
You spent 5422 gold pieces at shops.
You paid 2147 gold pieces to Gozag.

Inventory:

Hand Weapons
 a - the +7 falchion "Amedopt" (weapon) {flame, rPois rN+ Dex-2}
   (You bought it in a shop on level 2 of the Orcish Mines)

   Dex:       It affects your dexterity (-2).
   rPois:     It protects you from poison.
   rN:        It protects you from negative energy.
 s - a +4 dagger
 v - a +1 dagger of venom
 w - a +2 scimitar of holy wrath
Missiles
 l - 9 javelins (quivered)
 o - 5 curare-tipped darts
 D - 35 poisoned darts
 M - 2 silver boomerangs
Armour
 z - a +2 kite shield of cold resistance (worn)
 Y - the +1 hat of the Pink Corner (worn) {rPois Int+3}
   (You acquired it on level 4 of the Lair of Beasts)

   Int:       It affects your intelligence (+3).
   rPois:     It protects you from poison.
Jewellery
 d - the ring of Kiacvuh (right tentacle) {Will+ AC+4}
   (You bought it in a shop on level 3 of the Dungeon)

   [ring of protection]

   AC:        It affects your AC (+4).
   Will:      It increases your willpower.
 e - an amulet of reflection (around mantle)
 i - a ring of ice (on tentacle)
 j - the ring "Doezerau" (left tentacle) {rN+ Int+2 Dex+6}
   (You found it in an ice cave)

   [ring of dexterity]

   Int:       It affects your intelligence (+2).
   Dex:       It affects your dexterity (+6).
   rN:        It protects you from negative energy.
 A - the ring "Rovee" (on tentacle) {rPois Str+6 Stlth+}
   (You found it in an ice cave)

   [ring of strength]

   Str:       It affects your strength (+6).
   rPois:     It protects you from poison.
   Stlth:     It makes you more stealthy.
 E - a ring of protection from cold
 I - the ring of Qif Xepp (on tentacle) {Will+ Int+6}
   (You bought it in a shop on level 3 of the Dungeon)

   [ring of intelligence]

   Int:       It affects your intelligence (+6).
   Will:      It increases your willpower.
 L - an amulet of magic regeneration
 O - a ring of see invisible
 R - a +4 ring of protection (on tentacle)
 S - the ring of Penayd (on tentacle) {rF++ rN+ rCorr Str+2}
   (You bought it in a shop on level 3 of the Dungeon)

   [ring of positive energy]

   Str:       It affects your strength (+2).
   rF:        It greatly protects you from fire.
   rN:        It protects you from negative energy.
   rCorr:     It protects you from acid and corrosion.
 T - the ring "Ponus" (on tentacle) {rF+ rC+ Str+2}
   (You found it on level 2 of the Lair of Beasts)

   [ring of protection from cold]

   Str:       It affects your strength (+2).
   rF:        It protects you from fire.
   rC:        It protects you from cold.
 V - the amulet "Eloasary" {Spirit rPois rC- Regen+ SInv}
   (You found it in a Gauntlet)

   [amulet of guardian spirit]

   It causes incoming damage to be divided between your reserves of health and
   magic.
   rC:        It makes you vulnerable to cold.
   rPois:     It protects you from poison.
   SInv:      It lets you see invisible.
   Regen:     It increases your rate of health regeneration.
Wands
 c - a wand of light (3)
 f - a wand of digging (32)
 G - a wand of roots (31)
 U - a wand of mindburst (13)
 X - a wand of flame (15)
Scrolls
 b - 5 scrolls of fog
 g - 14 scrolls of teleportation
 q - 3 scrolls of enchant weapon
 u - 2 scrolls of fear
 y - 6 scrolls of poison
 C - a scroll of brand weapon
 F - 3 scrolls of magic mapping
 K - a scroll of blinking
 W - 4 scrolls of identify
 Z - a scroll of silence
Potions
 h - 6 potions of flight
 k - 4 potions of brilliance
 m - 4 potions of invisibility
 n - 2 potions of magic
 r - a potion of cancellation
 t - 12 potions of curing
 x - 8 potions of might
 B - 2 potions of attraction
 H - a potion of ambrosia
 J - 4 potions of berserk rage
 N - 3 potions of haste
 P - 2 potions of resistance
Miscellaneous
 p - a lightning rod (4/4)


   Skills:
 * Level 10.0 Fighting
 - Level 4.8(8.7) Short Blades
 * Level 11.2(11.7) Long Blades
 + Level 4.3 Throwing
 * Level 10.2 Dodging
 - Level 9.3 Stealth
 * Level 7.6 Shields
 * Level 13.9 Spellcasting
 + Level 7.4 Conjurations
 * Level 8.5 Necromancy
 + Level 3.1 Translocations
 + Level 7.2 Transmutations
 * Level 4.7 Fire Magic
 + Level 7.0 Ice Magic
 + Level 5.5 Air Magic
 * Level 5.6 Earth Magic
 - Level 6.1 Poison Magic
 + Level 0.1 Evocations


You had 3 spell levels left.
You knew the following spells:

 Your Spells              Type           Power      Damage    Failure   Level
a - Ozocubu's Armour      Ice            76%        N/A       1%          3
b - Blink                 Tloc           78%        N/A       2%          2
c - Mephitic Cloud        Conj/Pois/Air  56%        N/A       1%          3
d - Vampiric Draining     Necr           64%        2d10      1%          3
i - Irradiate             Conj/Tmut      29%        3d21      9%          5
n - Ignite Poison         Fire/Tmut/Pois 55%        N/A       1%          3
o - Scorch                Fire           98%        2d9       1%          2
r - Frozen Ramparts       Ice            100%       1d16      1%          3
u - Dispel Undead         Necr           64%        3d22      1%          4
v - Poisonous Vapours     Pois/Air       100%       N/A       1%          2
w - Wereblood             Tmut           59%        N/A       1%          2
x - Olgreb's Toxic Radia  Pois           55%        N/A       4%          4
y - Sticky Flame          Conj/Fire      55%        2d7       4%          4

Your spell library contained the following spells:

 Spells                   Type           Power      Damage    Failure   Level
 Beastly Appendage        Tmut           100%       N/A       1%          1
 Freeze                   Ice            100%       1d10      1%          1
 Kiss of Death            Conj/Necr      100%       2d13      1%          1
 Magic Dart               Conj           100%       1d8       1%          1
 Necrotise                Necr           100%       1d9       1%          1
 Sting                    Tmut/Pois      100%       1d8       1%          1
 Ensorcelled Hibernation  Hex/Ice        100%       N/A       1%          2
 Passwall                 Tmut/Erth      46%        N/A       1%          2
 Sublimation of Blood     Necr           64%        N/A       1%          2
 Hailstorm                Conj/Ice       77%        3d16      1%          3
 Spider Form              Tmut/Pois      57%        N/A       1%          3
 Dazzling Flash           Conj/Hex       86%        N/A       3%          3
 Gell's Gravitas          Tloc           39%        N/A       4%          3
 Teleport Other           Tloc           39%        N/A       4%          3
 Call Imp                 Summ           40%        N/A       9%          2
 Portal Projectile        Hex/Tloc       60%        N/A       10%         3
 Confusing Touch          Hex            20%        N/A       19%         3
 Flame Wave               Conj/Fire      55%        2d13      4%          4
 Petrify                  Tmut/Erth      56%        N/A       4%          4
 Agony                    Necr           64%        N/A       4%          5
 Blade Hands              Tmut           29%        N/A       9%          5
 Anguish                  Hex/Necr       23%        N/A       10%         4
 Manifold Assault         Tloc           39%        N/A       16%         4
 Metabolic Englaciation   Hex/Ice        29%        N/A       36%         5
 Silence                  Hex/Air        18%        N/A       47%         5
 Dispersal                Tloc           19%        N/A       94%         6
 Dragon Form              Tmut           29%        N/A       95%         7
 Ozocubu's Refrigeration  Ice            38%        4d15      95%         7
 Storm Form               Tmut/Air       28%        N/A       98%         7
 Summon Cactus Giant      Summ           10%        N/A       100%        6
 Haunt                    Necr/Summ      23%        N/A       100%        7
 Ignition                 Fire           24%        3d8       100%        8
 Infestation              Necr           32%        N/A       100%        8
 Shatter                  Erth           26%        3d22*     100%        9
 Animate Dead             Necr           Unusable   N/A       N/A         4
 Simulacrum               Ice/Necr       Unusable   N/A       N/A         6

Dungeon Overview and Level Annotations

Branches:
Dungeon (15/15)            Temple (1/1) D:5            Lair (5/5) D:10
 Shoals (1/4) Lair:3        Snake (3/4) Lair:2        Slime (0/5) Lair:5
    Orc (2/2) D:10            Elf (0/3) Orc:2        Vaults (0/5) D:14
 Depths (0/4) D:15          IceCv (visited)         Gauntlet (visited)

Altars:
Ashenzari
Cheibriados
Dithmenos
Elyvilon
Fedhas
Gozag
Hepliaklqana
Kikubaaqudgha
Makhleb
Nemelex Xobeh
Okawaru
Qazlal
Ru
Sif Muna
Trog
Uskayaw
Vehumet
Wu Jian
Xom
Yredelemnul
Zin
The Shining One

Shops:
D:3 !=!=   D:5 [   D:6 [   D:7 :   D:10 [   D:12 [   D:15 :   Orc:1 =
Orc:2 :=((   Lair:4 *:   Snake:2 !:=:

Annotations:
Snake:1 3 runed translucent doors, Caumakya's ghost, adept MiFi; Qiytos's ghost, adept MiMo


Innate Abilities, Weirdness & Mutations

You cannot wear most types of armour.
You are amphibious.
You can wear up to eight rings at the same time.
Your skin changes colour to match your surroundings (Stealth+).
Your rubbery body absorbs attacks. (AC +1, EV +1)
You are camouflaged when in or above water. (Stealth+)
You have tentacles for arms and can constrict up to eight enemies at once.
You have a beak for a mouth.
You are clumsy. (Dex -2)


Message History

The water nymph closely misses you.
The wall freezes the merfolk siren.
The merfolk siren chants a haunting song.
You resist with almost no effort.
The wall freezes the merfolk avatar but does no damage.
The wall freezes the merfolk avatar!
The merfolk avatar chants its luring song.
You hit the merfolk avatar but do no damage.
You peck the merfolk avatar.
The merfolk avatar is almost dead.
You constrict the merfolk avatar!
You feel a bit better.
You kill the merfolk avatar!
The pull of its song draws you forwards.
Your icy armour cracks and falls away as you move.
The frozen ramparts melt away as you move.
You block the harpy's attack. x2
The merfolk avatar chants its luring song.
The merfolk siren chants a haunting song.
You easily resist.
You slash the water nymph! You burn the water nymph. You grab the water nymph.
The water nymph is moderately wounded.
You howl as the wereblood boils in your veins!
You constrict the water nymph. You block the harpy's attack.
The harpy claws you.
* * * LOW HITPOINT WARNING * * *
You block the harpy's attack. The harpy claws you!
* * * LOW HITPOINT WARNING * * *
The merfolk avatar chants its luring song.
The water nymph barely misses you.
Casting: Vampiric Draining (safe; 1% risk of failure)
Confirm with . or Enter, or press ? or * to list all spells.
You feel a surge of power! A film of ice covers your body!
You howl as the wereblood boils in your veins!
You constrict the water nymph. You block the harpy's attack. x2
The harpy claws you but does no damage. x2
The merfolk siren chants a haunting song.
You resist with almost no effort. The water nymph casts a spell at you.
The water swirls and strikes you!!
You die...
Your body crumbles into a pile of gold.

~~~~.!..............
~~~~~..............~
~~m.............~~ $
≈~≈≈~ ~≈≈~~...~~~
####≈≈####≈≈≈~~≈~~~ ≈
#≈≈#≈≈#≈≈#≈≈≈≈≈≈~~~ ≈≈≈
#≈≈≈$$$≈≈#≈≈≈$≈≈≈≈~
#≈≈####≈$####≈≈≈≈≈≈≈≈~
#≈≈Hm@mm$≈≈≈≈≈#≈##≈≈≈~
#≈≈HH####≈≈≈≈≈#≈≈#≈≈≈~
#≈≈≈H#≈≈≈≈≈$≈≈#≈)#≈≈≈≈
≈≈≈≈≈≈≈#≈≈#≈≈≈≈≈####≈~≈.
~~~≈≈≈≈####≈≈≈≈≈≈≈~~≈~~~
...~≈~~ ~~≈~≈~~~~~~~~~≈
.~~~~~~ ~~~~~~~~~≈~~)~≈≈
~~~~~~~~~~~~~~~~~≈≈~~~~~
~~~~~~~~~~≈≈~~~~~


You could see a merfolk avatar (mesmerising), a manticore, a merfolk siren, a
water nymph and 3 harpies.

Vanquished Creatures
  Nikola (Snake:2)
  Rupert (D:13)
  An acid blob (Lair:5)
  An azure jelly (IceCv)
  2 quicksilver oozes (IceCv)
  2 orc warlords
  The ghost of Jynaviopo the Severer, a journeyman GrFi of Okawaru (D:13)
  A stone giant (D:15)
  A dire elephant (Lair:5)
  A minotaur (Gauntlet)
  A merfolk javelineer (Shoals:1)
  A merfolk impaler (Shoals:1)
  Snorg (D:12)
  An ice dragon (D:13)
  Fannar (Lair:1)
  A vault guard (D:14)
  3 hydras
  2 merfolk aquamancers (Shoals:1)
  2 merfolk avatars (Shoals:1)
  An ogre mage (D:15)
  The ghost of
  123456 the Geomancer, a journeyman GrEE of Gozag (Lair:2)
  6 boulder beetles
  8 two-headed ogres
  2 catoblepae
  4 anacondas
  9 naga warriors
  A deep troll shaman (Lair:5)
  5 death yaks
  3 orc high priests (Orc:2)
  Urug (Lair:5)
  6 naga sharpshooters
  A wretched star (Gauntlet)
  A shock serpent (Snake:2)
  Amaemon (D:10)
  A soul eater (Gauntlet)
  3 salamander mystics (Snake:3)
  4 sixfirhies (Gauntlet)
  2 skysharks
  4 skeletal warriors (D:14)
  3 sea snakes (Snake:3)
  Pikel (D:4)
  3 naga ritualists
  5 orc knights
  A deep elf pyromancer (D:14)
  4 orc sorcerers (Orc:2)
  6 mana vipers
  12 ugly things
  A wolf spider (Lair:5)
  2 cyclopes
  24 salamanders
  8 elephants (Lair:5)
  4 merfolk sirens (Lair:3)
  28 black mambas
  A water nymph (Shoals:1)
  4 ice statues
  8 naga magi
  3 guardian serpents
  A kobold demonologist (D:9)
  10 cane toads
  8 komodo dragons
  An unseen horror (D:12)
  2 gargoyles
  An orange demon (Lair:1)
  5 yaktaurs (D:15)
  5 rime drakes
  Maggie (D:8)
  An efreet (D:14)
  2 ice devils (D:13)
  A tengu conjurer (D:15)
  A meliai (D:14)
  6 merfolk (Shoals:1)
  10 trolls
  3 polar bears (Lair:5)
  A queen bee (Gauntlet)
  17 blink frogs
  Grinder (D:4)
  10 dream sheep
  3 centaur simulacra
  A shadow (D:13)
  2 vampires (D:11)
  24 slime creatures
  A spriggan (Lair:3)
  2 water elementals (D:14)
  43 yaks
  3 wyverns
  4 basilisks
  3 steam dragons
  A neqoxec (Gauntlet)
  3 wargs
  7 vampire mosquitoes
  Menkaure (D:4)
  25 nagas
  15 water moccasins
  25 orc warriors
  2 meliai simulacra (D:13)
  3 sky beasts
  An ice beast (shapeshifter) (D:15)
  An ice beast (D:6)
  4 black bears
  4 great orb of eyes simulacra (IceCv)
  28 wolves
  5 ogres
  4 centaurs
  A phantom (D:3)
  7 slime creature simulacra (IceCv)
  A lemure (D:5)
  Blork the orc (D:5)
  3 kobold brigands
  6 bullfrogs
  A gnoll sergeant (D:9)
  3 glowing shapeshifter simulacra (IceCv)
  A scorpion (D:7)
  4 wights (D:8)
  18 killer bees
  3 electric eels
  3 howler monkeys
  19 orc priests
  7 hounds
  4 jellies
  An iron imp (D:14)
  3 sleepcaps
  Ijyb (D:5)
  An iguana (D:7)
  32 orc wizards
  Natasha (thrice) (D:4)
  5 hell rats (Lair:5)
  3 shapeshifter simulacra (IceCv)
  Robin (D:4)
  13 adders
  3 shadow imps
  2 white imps
  An ufetubus (D:4)
  A worm (D:3)
  5 dart slugs
  75 orcs
  5 bats
  3 endoplasms
  A giant cockroach (D:1)
  15 goblins
  6 hobgoblins
  3 quokkas
  6 ball pythons
  4 frilled lizards (D:2)
  10 kobolds
  7 rats
  A spectral hobgoblin (D:6)
802 creatures vanquished.

Vanquished Creatures (collateral kills)
  A killer bee (D:9)
1 creature vanquished.

Vanquished Creatures (others)
  An electric eel (D:10)
  A kobold (D:9)
  26 fungi
  48 plants
76 creatures vanquished.

Grand Total: 879 creatures vanquished

Notes
Turn   | Place    | Note
-------+----------+-------------------------------------------
     0 | D:5      | Esekla the Octopode Delver began the quest for the Orb.
     0 | D:5      | Reached XP level 1. HP: 16/16 MP: 1/1
    38 | D:5      | Noticed an ogre
    74 | D:5      | Found Zose's Armour Shoppe.
    98 | D:5      | Noticed a lemure
   100 | D:5      | Noticed a lemure
   100 | D:5      | Noticed Pikel
   102 | D:5      | Found a staircase to the Ecumenical Temple.
   102 | D:5      | Noticed a lemure
   102 | D:5      | Noticed a lemure
   121 | Temple   | Entered the Ecumenical Temple
   372 | Temple   | Became a worshipper of Gozag Ym Sagoz the Greedy
   414 | D:4      | Noticed an orc priest
   456 | D:4      | Killed an orc priest
   457 | D:4      | Reached XP level 2. HP: 1/21 MP: 1/3
   457 | D:4      | Reached XP level 3. HP: 2/26 MP: 1/4
   575 | D:4      | Noticed Natasha
   585 | D:4      | Killed Natasha
   586 | D:4      | Reached skill level 1 in Spellcasting
   586 | D:4      | Reached XP level 4. HP: 19/31 MP: 5/5
   592 | D:4      | Noticed Menkaure
   664 | D:3      | Found Dife's Distillery.
  1066 | D:1      | Reached XP level 5. HP: 36/36 MP: 6/6
  1508 | D:1      | Found a faded altar of an unknown god.
  2075 | D:3      | Found Vowucw Doef's Jewellery Shoppe.
  2268 | D:3      | Found Cidil's Distillery.
  2278 | D:3      | Found Wecvolos's Jewellery Emporium.
  2281 | D:3      | Bought a potion of degeneration for 12 gold pieces
  2281 | D:3      | Bought a potion of heal wounds for 60 gold pieces
  2281 | D:3      | Bought a potion of curing for 36 gold pieces
  2281 | D:3      | Bought a potion of lignification for 36 gold pieces
  2341 | D:3      | Bought a potion of heal wounds for 60 gold pieces
  2341 | D:3      | Bought 2 potions of might for 96 gold pieces
  2759 | D:4      | Noticed a phantom
  2779 | D:4      | Noticed a black bear
  2796 | D:4      | Killed a black bear
  2797 | D:4      | Reached skill level 1 in Conjurations
  2797 | D:4      | Reached skill level 1 in Transmutations
  2797 | D:4      | Reached XP level 6. HP: 42/42 MP: 8/8
  2884 | D:4      | Noticed Natasha
  2899 | D:4      | Killed Natasha
  2900 | D:4      | Reached skill level 1 in Short Blades
  3043 | D:4      | Noticed Robin
  3200 | D:4      | Killed Robin
  3285 | D:4      | Noticed Grinder
  3336 | D:3      | Bought the ring of Kiacvuh {Will+ AC+4} for 486 gold pieces
  3421 | D:3      | Reached skill level 2 in Spellcasting
  3421 | D:3      | Reached XP level 7. HP: 34/47 MP: 10/10
  3611 | D:4      | Killed Grinder
  3975 | D:4      | Killed Menkaure
  3976 | D:4      | Reached skill level 1 in Shields
  3976 | D:4      | Reached skill level 1 in Ice Magic
  4066 | D:4      | Noticed Natasha
  4072 | D:4      | Killed Natasha
  4073 | D:4      | Reached XP level 8. HP: 50/54 MP: 11/11
  4144 | D:3      | Bought a potion of berserk rage for 70 gold pieces
  4260 | D:4      | Killed Pikel
  4335 | D:4      | Learned a level 3 spell: Ozocubu's Armour
  4349 | D:5      | Reached skill level 3 in Spellcasting
  4553 | D:5      | Noticed Blork the orc
  4565 | D:5      | Killed Blork the orc
  4830 | D:5      | Noticed Ijyb
  4840 | D:5      | Killed Ijyb
  5013 | D:5      | Found a white marble altar of Elyvilon.
  5067 | D:5      | Found a basalt altar of Yredelemnul.
  5132 | D:5      | Identified the +0 leather armour of Epaotz {Fly Str-4
                  | Int+3}
  5194 | D:5      | Reached XP level 9. HP: 48/59 MP: 14/14
  5482 | D:6      | Noticed a manticore
  5541 | D:6      | Found Ducor's Antique Armour Shoppe.
  5758 | D:6      | Reached skill level 5 in Fighting
  5983 | D:7      | Identified 2 scrolls of acquirement
  6002 | D:7      | Found Iritisos's Book Boutique.
  6095 | D:6      | Found an ornate altar of the Wu Jian Council.
  6218 | D:6      | Found a hazy altar of Hepliaklqana.
  6272 | D:6      | Reached skill level 4 in Spellcasting
  6696 | D:7      | Reached skill level 5 in Long Blades
  7324 | D:7      | Reached skill level 1 in Necromancy
  7350 | D:7      | Found a glowing silver altar of Zin.
  7350 | D:7      | Found a burning altar of Makhleb.
  7351 | D:7      | Noticed a balrug
  7351 | D:7      | Noticed an angel
  7357 | D:7      | Reached skill level 5 in Dodging
  7832 | D:7      | Reached XP level 10. HP: 50/66 MP: 16/16
  8058 | D:7      | Bought a book of Necromancy for 240 gold pieces
  8058 | D:7      | Bought a book of Minor Magic for 180 gold pieces
  8062 | D:7      | Learned a level 3 spell: Vampiric Draining
  8066 | D:7      | Learned a level 3 spell: Mephitic Cloud
  8155 | D:8      | Reached skill level 1 in Air Magic
  8235 | D:8      | Reached skill level 1 in Poison Magic
  8585 | D:8      | Found a sacrificial altar of Ru.
  8598 | D:8      | Noticed Maggie
  8603 | D:8      | Killed Maggie
  9871 | D:9      | Noticed a kobold demonologist
 10225 | D:3      | Bought the ring of Qif Xepp {Will+ Int+6} for 486 gold
                  | pieces
 10427 | D:6      | Reached XP level 11. HP: 62/72 MP: 18/18
 10585 | D:9      | Reached skill level 5 in Spellcasting
 10978 | D:3      | Bought an amulet of magic regeneration for 300 gold pieces
 11271 | D:9      | Noticed a two-headed ogre
 11306 | D:9      | HP: 2/74 [two-headed ogre/+0 giant spiked club (27)]
 11565 | D:9      | Noticed a two-headed ogre
 11570 | D:9      | Killed a two-headed ogre
 11696 | D:9      | Identified the +0 flail of Tenacity {pain, rElec rF+ Str-3}
 11958 | D:9      | Killed a two-headed ogre
 12119 | D:10     | Entered Level 10 of the Dungeon
 12156 | D:10     | Found a staircase to the Lair.
 12468 | Lair:1   | Entered Level 1 of the Lair of Beasts
 12468 | Lair:1   | Noticed Amaemon
 12779 | D:10     | Found an iron altar of Okawaru.
 13056 | D:10     | Found Edem's Antique Armour Emporium.
 13113 | D:10     | Found a staircase to the Orcish Mines.
 13822 | D:11     | Reached skill level 6 in Spellcasting
 14207 | D:3      | Bought a ring of see invisible for 150 gold pieces
 14458 | D:7      | Learned a level 5 spell: Irradiate
 14674 | D:11     | Reached skill level 1 in Throwing
 14906 | D:11     | Identified the +0 leather armour of Kaimey {rElec Str-4
                  | Dex+3}
 15072 | D:11     | Noticed a boulder beetle
 15088 | D:11     | Killed a boulder beetle
 15089 | D:11     | Reached skill level 5 in Necromancy
 15089 | D:11     | Reached XP level 12. HP: 81/81 MP: 21/21
 15613 | D:10     | Killed Amaemon
 15809 | Lair:1   | Noticed Fannar
 15820 | Lair:1   | Killed Fannar
 15821 | Lair:1   | Reached skill level 7 in Spellcasting
 15852 | Lair:1   | Reached skill level 5 in Conjurations
 15921 | Lair:1   | Learned a level 2 spell: Poisonous Vapours
 15926 | Lair:1   | Learned a level 4 spell: Olgreb's Toxic Radiance
 16724 | Lair:1   | Found an ancient bone altar of Kikubaaqudgha.
 17491 | D:3      | Bought the ring of Penayd {rF++ rN+ rCorr Str+2} for 543
                  | gold pieces
 17754 | Lair:2   | Reached skill level 8 in Spellcasting
 18069 | Lair:2   | Found a staircase to the Snake Pit.
 18115 | Lair:2   | Identified the ring "Ponus" {rF+ rC+ Str+2}
 18283 | Lair:2   | Found a runed translucent gate.
 18283 | Lair:2   | Found a runed translucent gate.
 18283 | Lair:2   | Found a runed translucent gate.
 18285 | Lair:2   | Noticed an 11-headed hydra
 18285 | Lair:2   | Noticed 123456's ghost (journeyman GrEE)
 18286 | Lair:2   | Noticed a 13-headed hydra
 18539 | Lair:2   | Found an ornate altar of the Wu Jian Council.
 19175 | D:12     | Reached skill level 5 in Transmutations
 19310 | D:12     | Found Ompycro's Antique Armour Boutique.
 19345 | D:12     | Reached XP level 13. HP: 86/86 MP: 25/25
 19489 | D:12     | Noticed Snorg
 20033 | D:12     | Killed Snorg
 20164 | Orc:1    | Entered Level 1 of the Orcish Mines
 20506 | Orc:1    | Found Warahaa's Jewellery Shop.
 20717 | Orc:2    | Entered Level 2 of the Orcish Mines
 20740 | Orc:2    | Reached skill level 9 in Spellcasting
 20800 | Orc:2    | Noticed an orc warlord
 20819 | Orc:2    | Killed an orc warlord
 20820 | Orc:2    | Reached skill level 5 in Poison Magic
 20868 | Orc:2    | Noticed an orc warlord
 20889 | Orc:1    | Killed an orc warlord
 21415 | Orc:2    | Found a staircase to the Elven Halls.
 21571 | Orc:2    | Reached skill level 5 in Air Magic
 21981 | Orc:2    | Found Ohar's Weapon Emporium.
 21981 | Orc:2    | Found Pocerpho's Weapon Shop.
 21984 | Orc:2    | Found Duteofej's Book Emporium.
 21984 | Orc:2    | Found Mozivytu's Jewellery Shop.
 22011 | Orc:2    | Bought the +7 falchion "Amedopt" {flame, rPois rN+ Dex-2}
                  | for 825 gold pieces
 22231 | Lair:3   | Found a staircase to the Shoals.
 22245 | Lair:3   | Reached XP level 14. HP: 75/94 MP: 23/27
 22270 | Lair:3   | Reached skill level 10 in Spellcasting
 23351 | Orc:2    | Bought an Inescapable Atlas for 416 gold pieces
 23354 | Orc:2    | Learned a level 2 spell: Blink
 23545 | Lair:4   | Learned a level 2 spell: Scorch
 23657 | Lair:4   | You fall into a shaft and drop 1 floor!
 23657 | Lair:5   | Entered Level 5 of the Lair of Beasts
 23687 | Lair:5   | Reached skill level 5 in Ice Magic
 23725 | Lair:4   | Found a frozen archway.
 23748 | Lair:4   | Bought a glowing scimitar for 210 gold pieces
 23748 | Lair:4   | Bought a scroll of identify for 60 gold pieces
 23748 | Lair:4   | Bought a scroll of identify for 60 gold pieces
 23757 | Lair:4   | Acquired the +1 hat of the Pink Corner {rPois Int+3}
 23763 | Lair:4   | Acquired 657 gold pieces
 23861 | IceCv    | Entered an ice cave
 23926 | IceCv    | Reached skill level 1 in Fire Magic
 24098 | IceCv    | Identified the ring "Doezerau" {rN+ Int+2 Dex+6}
 24191 | IceCv    | Noticed a quicksilver ooze
 24592 | IceCv    | Killed a quicksilver ooze
 24593 | IceCv    | Reached skill level 1 in Translocations
 24944 | IceCv    | Noticed a quicksilver ooze
 24947 | IceCv    | Found a viscous altar of Jiyva.
 24947 | IceCv    | Noticed an azure jelly
 24964 | IceCv    | Killed a quicksilver ooze
 25039 | IceCv    | Killed an azure jelly
 25345 | IceCv    | Identified the ring "Rovee" {rPois Str+6 Stlth+}
 26583 | Lair:5   | Noticed Urug
 26597 | Lair:5   | Killed Urug
 26632 | Lair:5   | Got the Spellbook of the Leaden Jaunt
 26654 | Lair:5   | Found a runed translucent door.
 26655 | Lair:5   | Found a staircase to the Slime Pits.
 26655 | Lair:5   | Noticed an acid blob
 26690 | Lair:4   | Bought a book of Frost for 300 gold pieces
 26694 | Lair:4   | Learned a level 3 spell: Frozen Ramparts
 27008 | Lair:5   | Reached skill level 11 in Spellcasting
 27198 | Lair:5   | Reached skill level 1 in Earth Magic
 27251 | Lair:5   | Reached XP level 15. HP: 96/100 MP: 19/30
 28452 | D:7      | Bought a book of Touch for 220 gold pieces
 28457 | D:7      | Learned a level 4 spell: Dispel Undead
 28594 | D:13     | Found a runed translucent gate.
 28594 | D:13     | Found a runed translucent gate.
 28594 | D:13     | Found a runed translucent gate.
 28951 | D:13     | Noticed Rupert
 29061 | D:13     | Killed Rupert
 29455 | D:13     | Noticed Jynaviopo's ghost (journeyman GrFi)
 29637 | Lair:2   | Killed 123456's ghost
 29994 | Lair:5   | Killed an acid blob
 30530 | D:13     | Killed Jynaviopo's ghost
 30791 | D:13     | Got the ring of Wymnuk {Fire Contam Will+ SInv}
 31228 | D:14     | Found a snail-covered altar of Cheibriados.
 31366 | D:14     | Reached skill level 10 in Long Blades
 31366 | D:14     | Reached skill level 12 in Spellcasting
 31647 | D:14     | Found a gate to the Vaults.
 32311 | D:15     | Entered Level 15 of the Dungeon
 32489 | D:15     | Found a staircase to the Depths.
 32547 | D:15     | Reached skill level 5 in Shields
 32547 | D:15     | Found a gate leading to a gauntlet.
 32587 | Gauntlet | Entered a Gauntlet
 32587 | Gauntlet | Found a transporter.
 32608 | Gauntlet | Found a transporter.
 32610 | Gauntlet | Found a transporter.
 32611 | Gauntlet | Found a transporter.
 32645 | Gauntlet | Found a transporter.
 32649 | Gauntlet | Found a transporter.
 32654 | Gauntlet | Found a transporter.
 32658 | Gauntlet | Found a transporter.
 32661 | Gauntlet | Found a transporter.
 32668 | Gauntlet | Found a transporter.
 32669 | Gauntlet | Found a transporter.
 32673 | Gauntlet | Found a transporter.
 32681 | Gauntlet | Found a transporter.
 32728 | Gauntlet | Found a transporter.
 32842 | Gauntlet | Identified the amulet "Eloasary" {Spirit rPois rC- Regen+
                  | SInv}
 33006 | Gauntlet | Reached XP level 16. HP: 108/108 MP: 30/32
 33097 | Gauntlet | Gained mutation: Potions are less effective at restoring
                  | your health. [a neqoxec]
 33121 | Gauntlet | Identified the +0 hat of Polytheism {Will+}
 33127 | Gauntlet | Lost mutation: Potions are less effective at restoring your
                  | health. [potion of mutation]
 33127 | Gauntlet | Gained mutation: One of your tentacles bears a spike.
                  | [potion of mutation]
 33127 | Gauntlet | Gained mutation: Your body sometimes deteriorates upon
                  | taking damage. [potion of mutation]
 33127 | Gauntlet | Gained mutation: You passively map a small area around you.
                  | [potion of mutation]
 33369 | D:15     | Learned a level 2 spell: Wereblood
 33951 | Snake:1  | Entered Level 1 of the Snake Pit
 35027 | Snake:1  | Found a runed translucent gate.
 35027 | Snake:1  | Found a runed translucent gate.
 35027 | Snake:1  | Found a runed translucent gate.
 35029 | Snake:1  | Noticed Qiytos's ghost (adept MiMo)
 35031 | Snake:1  | Noticed Caumakya's ghost (adept MiFi)
 35524 | Snake:2  | Reached skill level 13 in Spellcasting
 35797 | Snake:2  | Found Paarreo's Distillery.
 36184 | Snake:2  | Found Zenarerac's Book Emporium.
 36184 | Snake:2  | Identified the +0 pair of gloves "Texteamac" {+Inv Dex+3}
 36184 | Snake:2  | Noticed Nikola
 36188 | Snake:2  | Found Xeubi's Jewellery Shop.
 36190 | Snake:2  | Found Jutt's Book Emporium.
 36207 | Snake:2  | Killed Nikola
 36377 | Snake:2  | Bought an Everburning Encyclopedia for 576 gold pieces
 36381 | Snake:2  | Learned a level 3 spell: Ignite Poison
 36386 | Snake:2  | Learned a level 4 spell: Sticky Flame
 38385 | Snake:3  | Reached skill level 5 in Earth Magic
 38391 | Snake:3  | Reached XP level 17. HP: 114/114 MP: 20/34
 38643 | Snake:3  | Lost mutation: You passively map a small area around you.
                  | [potion of mutation]
 38643 | Snake:3  | Lost mutation: One of your tentacles bears a spike. [potion
                  | of mutation]
 38643 | Snake:3  | Lost mutation: Your body sometimes deteriorates upon taking
                  | damage. [potion of mutation]
 38643 | Snake:3  | Gained mutation: You have a beak for a mouth. [potion of
                  | mutation]
 38643 | Snake:3  | Gained mutation: You are clumsy. (Dex -2) [potion of
                  | mutation]
 39251 | Snake:3  | Reached skill level 10 in Dodging
 39794 | Snake:3  | Reached skill level 10 in Fighting
 40222 | Shoals:1 | Entered Level 1 of the Shoals
 40341 | Shoals:1 | HP: 1/115 [water nymph/the raging water (23)]
 40348 | Shoals:1 | Killed from afar by a water nymph

Illustrated notes

Levels and vault maps discovered:
D:1:      heliophobic_arrival_enchanted_forest, layout_basic,
          hellmonk_ecumenical_altar_pennies_from_heaven, serial_forest,
          infiniplex_forest_lined_2, infiniplex_forest_lined_room_3,
          infiniplex_forest_clump_long, infiniplex_forest_straight_2,
          infiniplex_forest_lined_3_way
D:2:      layout_loops_cross, minivault_4, minmay_pentomino_q4
D:3:      layout_basic, serial_shops, shop, shop, nicolae_shop_gaudy_bauble,
          nicolae_shop_crystal, chequers_decorated_corner, serial_bayou_pond_a
D:4:      layout_loops_ring, hangedman_decor_push, uniq_grinder, uniq_robin,
          uniq_natasha, uniq_menkaure
D:5:      layout_cave_pods, kennysheep_ying_yang, temple_doors_cd, serial_shops,
          nicolae_shop_scrapyard, uniq_pikel, uniq_blork_the_orc, uniq_ijyb
D:6:      layout_basic, nicolae_hepliaklqana_monster_ancestors,
          nzn_wu_jian_council_hall, nicolae_take_the_stairs
D:7:      layout_cave_pods, grunt_temple_overflow_order_and_chaos_2,
          serial_shops, shop, mrwooster_statue_mirror,
          chequers_serial_rivers_small_a, dreamdust_wishing_well
D:8:      layout_basic, mainiacjoe_overflow_surrounded_room, uniq_maggie
D:9:      layout_loops_corners, minmay_between
D:10:     nicolae_whirlpool, layout_layer_cave, okawaru_gym_becter,
          erik_lair_island, serial_shops, nicolae_diamond_shop
D:11:     layout_basic, serial_park_tiny_pond, abandoned_shop
D:12:     layout_basic, serial_shops, shop, uniq_snorg
D:13:     layout_gridville, gammafunk_ghost_icy, uniq_rupert
D:14:     layout_basic, david_vaults_5, chequers_jeans, slow_altar_1
D:15:     grunt_enter_depths_giant_problem, layout_loops_cross,
          gauntlet_entry_generic, reono_crystal_passage
Temple:   minmay_temple_curvy_branch
Lair:1:   layout_regular_city, basic_altar, grunt_megastairs_3, uniq_fannar,
          uniq_amaemon
Lair:2:   layout_hall_layers, minmay_snake_entry_guardpost_small, basic_altar,
          gammafunk_ghost_hydra_chop, minivault_25, infiniplex_staircase_pool_2
Lair:3:   layout_long_grid, elwin_shoals_entry_stream,
          grunt_forest_large_clearing_hut
Lair:4:   layout_layer_cave, portal_ice_cave_rime, lemuel_fruit_fields
Lair:5:   grunt_lair_end_beastmaster, layout_cave_pods, slime_entry_2,
          nicolae_lair_run_with_the_wolves, lemuel_fruit_fields,
          grunt_megastairs_5, uniq_urug
Shoals:1: layout_shoals, st_sunken_huts
Snake:1:  layout_chambers, gammafunk_ghost_cemetery, st_stairs_7,
          grunt_ministairs_14, grunt_megastairs_2
Snake:2:  layout_chambers, serial_shops, shop, nicolae_snake_salamander_jacuzzi,
          serial_bayou_shore_b, minmay_shop_grove, uniq_nikola
Snake:3:  layout_grid_shapes, serial_bayou_shore_a, grunt_megastairs_1,
          lemuel_fruit_tree
Orc:1:    layout_caves, serial_shops, nicolae_shop_hallway_plus
Orc:2:    grunt_orc_tribal_feast, layout_diamond_mine

Skill      XL: |  1  2  3  4  5  6  7  8  9 10 11 12 13 14 15 16 17 |
---------------+----------------------------------------------------+-----
Stealth        | 7 8 9 |  9.3
Spellcasting   | 1 2 3 4 6 8 9 11 12 13 | 13.9
Long Blades    | 3 4 5 6 7 8 9 10 11 | 11.2
Conjurations   | 1 2 3 4 5 6 7 |  7.4
Transmutations | 1 3 4 5 6 7 |  7.2
Short Blades   | 1 2 3 4 |  4.8
Fighting       | 4 5 6 7 8 9 10 | 10.0
Dodging        | 3 4 5 6 7 8 9 10 | 10.2
Shields        | 1 2 3 5 6 7 |  7.6
Ice Magic      | 1 2 3 4 5 6 7 |  7.0
Necromancy     | 1 3 5 6 7 8 |  8.5
Air Magic      | 3 4 5 |  5.5
Poison Magic   | 4 5 6 |  6.1
Throwing       | 1 2 3 4 |  4.3
Fire Magic     | 2 3 4 |  4.7
Translocations | 2 3 |  3.1
Earth Magic    | 1 3 5 |  5.6
Evocations     | |  0.1

Action                     |  1- 3 |  4- 6 |  7- 9 | 10-12 | 13-15 | 16-18 || total
---------------------------+-------+-------+-------+-------+-------+-------++-------
  Melee: Falchion          |    20 |    24 |    39 |       |   445 |   327 ||   855
         Constrict         |     5 |    24 |    39 |    76 |    86 |    60 ||   290
         Tentacles         |     3 |    22 |    57 |   148 |   204 |   103 ||   537
         Dagger            |       |   113 |   146 |   315 |    70 |    38 ||   682
         Punch             |       |     3 |     3 |    11 |    16 |     7 ||    40
         Long sword        |       |       |    54 |   213 |   109 |       ||   376
         Kick              |       |       |       |       |       |   106 ||   106
         Peck              |       |       |       |       |       |    48 ||    48
  Throw: Javelin           |       |     1 |     6 |    17 |     9 |     4 ||    37
         Dart              |       |       |       |    23 |    33 |       ||    56
         Boomerang         |       |       |       |       |    52 |    14 ||    66
   Cast: Ozocubu's Armour  |       |       |    12 |    44 |    89 |    54 ||   199
         Vampiric Draining |       |       |       |    57 |    66 |    15 ||   138
         Mephitic Cloud    |       |       |       |    36 |    32 |    13 ||    81
         Poisonous Vapours |       |       |       |     8 |    44 |    15 ||    67
         Irradiate         |       |       |       |     5 |    16 |     7 ||    28
         Olgreb's Toxic Ra |       |       |       |     4 |    49 |     4 ||    57
         Scorch            |       |       |       |       |    62 |       ||    62
         Frozen Ramparts   |       |       |       |       |    25 |    42 ||    67
         Dispel Undead     |       |       |       |       |    11 |       ||    11
         Wereblood         |       |       |       |       |       |    15 ||    15
         Ignite Poison     |       |       |       |       |       |     1 ||     1
         Sticky Flame      |       |       |       |       |       |     1 ||     1
 Invoke: Call Merchant     |       |       |       |       |     3 |       ||     3
  Evoke: Wand              |       |       |       |     6 |     4 |       ||    10
         Lightning rod     |       |       |       |       |       |     1 ||     1
    Use: Scroll            |     2 |     2 |     5 |    10 |    16 |     1 ||    36
         Potion            |     1 |     3 |     2 |     3 |     3 |     8 ||    20
   Stab: Sleeping          |     1 |    38 |    10 |    16 |    25 |    19 ||   109
         Distracted        |     1 |       |       |     4 |     8 |     4 ||    17
         Confused          |       |       |       |    25 |    22 |     6 ||    53
 Armour: Skin              |       |     4 |    65 |   111 |   249 |    76 ||   505
  Dodge: Dodged            |    16 |    34 |    83 |   365 |   582 |   167 ||  1247
  Block: Other             |       |    20 |    34 |    18 |       |       ||    72
         Reflection        |       |       |     2 |     2 |       |    38 ||    42
         Kite shield       |       |       |       |       |       |   379 ||   379

Table legend: (Time is in decaauts)
 A = Elapsed time spent in this place.
 B = Non-inter-level travel time spent in this place.
 C = Inter-level travel time spent in this place.
 D = Time resting spent in this place.
 E = Time spent auto-exploring this place.
 F = Levels seen in this place.
 G = Mean time per level.
                   A        B        C        D        E       F      G
               +--------+--------+--------+--------+--------+-----+--------+
         Total |  39995 |  35819 |   4176 |  11241 |   9153 |  29 | 1379.1 |
       Dungeon |  21195 |  18120 |   3075 |   4605 |   4863 |  15 | 1413.0 |
        Temple |    259 |    251 |      8 |      0 |    244 |   1 |  259.0 |
          Lair |   7987 |   7200 |    787 |   2244 |   2141 |   5 | 1597.4 |
        Shoals |    122 |    122 |      0 |     26 |      0 |   1 |  122.0 |
     Snake Pit |   6199 |   6059 |    140 |   2501 |   1682 |   3 | 2066.3 |
  Orcish Mines |   1948 |   1785 |    163 |    776 |    198 |   2 |  974.0 |
      Ice Cave |   1574 |   1574 |      0 |    861 |     25 |   1 | 1574.0 |
      Gauntlet |    708 |    708 |      0 |    226 |      0 |   1 |  708.0 |
               +--------+--------+--------+--------+--------+-----+--------+

Top non-repeatable levels by time:
 Snake:2: 2942 daAuts
    D:10: 2060 daAuts
  Lair:5: 1946 daAuts
     D:7: 1901 daAuts
    D:13: 1882 daAuts
 Snake:3: 1861 daAuts
  Lair:1: 1828 daAuts
     D:9: 1754 daAuts
     D:8: 1727 daAuts
  Lair:2: 1637 daAuts
     D:4: 1606 daAuts
     D:5: 1579 daAuts
   IceCv: 1574 daAuts
     D:6: 1546 daAuts
    D:11: 1451 daAuts
